 Dungeon Crawl Stone Soup version 0.28.0-47-ge53b351184 (webtiles) character file.

Game seed: 11521329657010334710

124 croobank the Firebug (level 4, -6/34 HPs)
             Began as a Draconian Fire Elementalist on Apr 27, 2022.
             Killed from afar by Sigmund (7 damage)
             ... with a magic dart
             ... on level 3 of the Dungeon.
             The game lasted 00:12:47 (2533 turns).

croobank the Firebug (Draconian Fire Elementalist)  Turns: 2533, Time: 00:12:48

Health: -6/34      AC:  5    Str: 16    XL:     4   Next: 81%
Magic:  8/8        EV: 12    Int: 18    God:
Gold:   127        SH:  0    Dex: 11    Spells: 1/8 levels left

rFire   . . .      SeeInvis .   d - +0 short sword
rCold   . . .      Faith    .   (no shield)
rNeg    . . .      Spirit   .   (armour unavailable)
rPois   .          Reflect  .   (helmet restricted)
rElec   .          Harm     .   (no cloak)
rCorr   .          Rampage  .   (no gloves)
Will    .....                   (no boots)
Stlth   +.........              (no amulet)
HPRegen 0.11/turn               a - +6 ring of strength
MPRegen 0.11/turn               (no ring)

@: confused
A: AC +5, unfitting armour, cold-blooded
a: no special abilities


You were on level 3 of the Dungeon.
You visited 1 branch of the dungeon, and saw 3 of its levels.

You collected 127 gold pieces.

Inventory:

Hand Weapons
 d - a +0 short sword (weapon)
 m - a +0 hunting sling
Missiles
 e - 2 stones (quivered)
 j - 19 arrows
Armour
 b - a +1 pair of gloves
Jewellery
 a - a +6 ring of strength (left hand)
Potions
 f - a potion of brilliance


   Skills:
 + Level 0.7 Fighting
 + Level 2.5 Dodging
 + Level 2.6 Stealth
 + Level 2.7 Spellcasting
 + Level 2.1 Conjurations
 + Level 3.5 Fire Magic


You had one spell level left.
You knew the following spells:

 Your Spells              Type           Power      Damage    Failure   Level
a - Foxfire               Conj/Fire      48%        2x1d6     5%          1
b - Scorch                Fire           30%        2d7       6%          2
c - Flame Wave            Conj/Fire      12%        2d6       45%         4

Your spell library contained the following spells:

 Spells                   Type           Power      Damage    Failure   Level
 Conjure Flame            Conj/Fire      12%        6-21      16%         3
 Inner Flame              Hex/Fire       8%         N/A       24%         3
 Hailstorm                Conj/Ice       6%         3d4       73%         4
 Ice Form                 Ice/Tmut       2%         N/A       86%         4
 Simulacrum               Ice/Necr       1%         N/A       100%        6


Dungeon Overview and Level Annotations

Branches:
Dungeon (3/15)

Altars:
Yredelemnul

Annotations:
D:3 Grinder, Sigmund


Innate Abilities, Weirdness & Mutations

Your plain brown scales are hard. (AC +5)
You cannot fit into any form of body armour.
You are cold-blooded and may be slowed by cold attacks.


Message History

Sigmund points at you and mumbles some strange words.
You resist with some effort.
You hit Sigmund but do no damage.
Your tail-slap misses Sigmund.
Sigmund is almost dead.
Sigmund closely misses you.
You barely miss Sigmund.
Sigmund is almost dead.
Sigmund barely misses you.
You barely miss Sigmund.
Your tail-slap misses Sigmund.
Sigmund is almost dead.
You closely miss Sigmund.
Sigmund is almost dead.
Sigmund barely misses you.
You barely miss Sigmund.
Sigmund is almost dead.
Sigmund points at you and mumbles some strange words.
The puff of flame hits you!
* * * LOW HITPOINT WARNING * * *
You closely miss Sigmund.
Sigmund is almost dead.
Sigmund flickers, as though insubstantial.
Sigmund points at you and mumbles some strange words.
You are confused.
Okay, then.
You are too confused!
You bump into the rock wall.
Sigmund closely misses you.
You bump into the rock wall.
Sigmund closely misses you.
It was a potion of magic.
Magic courses through your body. Sigmund casts a spell at you.
The magic dart hits you.
* * * LOW HITPOINT WARNING * * *
You're too confused to cast spells.
Non-targeted confused throw: 3 stones
Press: ? - help, Q - select action, (/) - cycle Dir - look around, f - activate
Okay, then.
You are too confused!
You throw a stone. Sigmund hits you but does no damage.
Sigmund points at you and mumbles some strange words.
The magic dart hits you!
You die...

##########
#........#
#†######.#######
#.# #......(#
#.# #######@#
###.#### #.#
.......# #.#
...#.)..... #@#
.#.....#### #(.
.##.#..# ##.# ##
.#..# .# .#....
.# .#...#. .#


You could see Sigmund.

Vanquished Creatures
  A gnoll (D:3)
  4 adders
  2 worms (D:2)
  6 ball pythons
  4 bats
  6 endoplasms
  4 giant cockroaches
  9 goblins
  9 hobgoblins
  2 jackals (D:1)
  5 quokkas
  3 frilled lizards
  7 kobolds
  4 rats
66 creatures vanquished.

Vanquished Creatures (others)
  94 foxfires
94 creatures vanquished.

Grand Total: 160 creatures vanquished

Notes
Turn   | Place    | Note
-------+----------+-------------------------------------------
     0 | D:1      | croobank the Draconian Fire Elementalist began the quest
                  | for the Orb.
     0 | D:1      | Reached XP level 1. HP: 14/14 MP: 3/3
   255 | D:1      | Reached XP level 2. HP: 20/20 MP: 3/5
   635 | D:1      | Reached XP level 3. HP: 18/26 MP: 0/6
   638 | D:1      | Learned a level 2 spell: Scorch
   942 | D:2      | Found a faded altar of an unknown god.
  1534 | D:2      | Reached XP level 4. HP: 33/33 MP: 4/7
  1568 | D:2      | Learned a level 4 spell: Flame Wave
  2327 | D:3      | Found a basalt altar of Yredelemnul.
  2356 | D:3      | Noticed Grinder
  2489 | D:3      | Noticed Sigmund
  2531 | D:3      | HP: 1/34 [Sigmund/magic dart (2)]
  2533 | D:3      | Killed from afar by Sigmund

Illustrated notes

Levels and vault maps discovered:
D:1:      amcnicky_arrival_blooded_trapdoor, layout_rooms
D:2:      layout_basic, dreamdust_ecumenical_altar_statues,
          minmay_goblin_kobold_house
D:3:      layout_loops_ring, kennysheep_ying_yang, uniq_sigmund, uniq_grinder,
          uniq_crazy_yiuf_cottage

Skill      XL: |  1  2  3  4 |
---------------+-------------+-----
Stealth        | 2 |  2.6
Dodging        | 2 |  2.5
Conjurations   | 2 |  2.1
Fighting       | |  0.7
Spellcasting   | |  2.7
Fire Magic     | |  3.5

Action                   |  1- 3 |  4- 6 || total
-------------------------+-------+-------++-------
Melee: Unarmed           |    18 |       ||    18
       Tailslap          |     6 |     1 ||     7
       Short sword       |    32 |    27 ||    59
       Punch             |     1 |       ||     1
Throw: Dart              |       |     3 ||     3
       Stone             |       |     2 ||     2
 Cast: Foxfire           |    44 |     9 ||    53
       Scorch            |     8 |    23 ||    31
  Use: Scroll            |     1 |     5 ||     6
       Potion            |       |     3 ||     3
 Stab: Invisible         |       |     1 ||     1
Armor: Skin              |    24 |     8 ||    32
Dodge: Dodged            |    50 |    21 ||    71
